BSA
SEATTLE PIKES @ ST CHARLES SHEENS
10/02/2026
 
TOP OF THE 1ST
Seattle Pikes batting - Pitching for St Charles Sheens : RHP Bob Moss
Pitching: RHP Bob Moss
Batting: LHB Jesús Núńez 0-0: Ball
1-0: Called Strike
1-1: Foul Ball, location: 2F
1-2: SINGLE (Flyball, 6MD)
Batting: RHB António Ortega 0-0: Ball
1-0: Called Strike
1-1: 2-RUN HOME RUN (Flyball, 78D), Distance : 427 ft
Batting: LHB Richard Hunter 0-0: Foul Ball, location: 2F
0-1: Ball
1-1: Swinging Strike
1-2: SINGLE (Line Drive, 8LS)
Batting: RHB Manuel Rico 0-0: Foul Ball, location: 2F
0-1: Swinging Strike
0-2: Strikes out swinging
Batting: RHB Wallace Greene 0-0: Ball
Richard Hunter steals 2nd base
1-0: Foul Ball, location: 2F
1-1: 2-RUN HOME RUN (Flyball, 7LD), Distance : 370 ft
Batting: LHB Keith Tillman 0-0: Called Strike
0-1: Called Strike
0-2: Ball
1-2: Ball
2-2: Foul Ball, location: 2F
2-2: Foul Ball, location: 2F
2-2: Ground out 4-3 (Groundball, 4)
Batting: RHB Alfredo Rivera 0-0: Called Strike
0-1: Swinging Strike
0-2: Foul Ball, location: 2F
0-2: Ball
1-2: Foul Ball, location: 2F
1-2: Foul Ball, location: 2F
1-2: Hit by Pitch
Batting: SHB António Hernández 0-0: Called Strike
0-1: Called Strike
0-2: Ground out 4-3 (Groundball, 4)
Top of the 1st over - 4 run(s), 4 hit(s), 0 error(s), 1 left on base; Seattle 4 - St Charles 0
BOTTOM OF THE 1ST
St Charles Sheens batting - Pitching for Seattle Pikes : LHP Albert Lebel
Pitching: LHP Albert Lebel
Batting: RHB Guillermo Sánchez 0-0: Ball
1-0: Foul Ball, location: 2F
1-1: Ball
2-1: Foul Ball, location: 2F
2-2: Strikes out swinging
Batting: RHB Dan Tyler 0-0: Called Strike
0-1: Ball
1-1: Ball
2-1: Foul Ball, location: 2F
2-2: Ball
3-2: Foul Ball, location: 2F
3-2: Strikes out looking
Batting: RHB Júlio Figueroa 0-0: Swinging Strike
0-1: Called Strike
0-2: Ball
1-2: Fly out, F8 (Flyball, 89D)
Bottom of the 1st over - 0 run(s), 0 hit(s), 0 error(s), 0 left on base; Seattle 4 - St Charles 0
TOP OF THE 2ND
Seattle Pikes batting - Pitching for St Charles Sheens : RHP Bob Moss
Batting: RHB Arnold Harmon 0-0: Fly out, F4 (Line Drive, 4M)
Batting: LHB Jesús Núńez 0-0: Ground out 4-3 (Groundball, 4)
Batting: RHB António Ortega 0-0: Ball
1-0: Ground out 5-3 (Groundball, 5)
Top of the 2nd over - 0 run(s), 0 hit(s), 0 error(s), 0 left on base; Seattle 4 - St Charles 0
BOTTOM OF THE 2ND
St Charles Sheens batting - Pitching for Seattle Pikes : LHP Albert Lebel
Batting: RHB Judson Backstrom 0-0: Called Strike
0-1: Foul Ball, location: 2F
0-2: Ball
1-2: Ball
2-2: Foul Ball, location: 2F
2-2: Fly out, F4 (Line Drive, 4)
Batting: RHB Kel Pierce 0-0: Called Strike
0-1: Ball
1-1: SINGLE (Flyball, 78S)
Batting: RHB Max Rash 0-0: Called Strike
0-1: Called Strike
0-2: Ball
1-2: Ball
2-2: Foul Ball, location: 2F
2-2: Ball
3-2: SINGLE (Groundball, 56D)
Kel Pierce to second
Batting: LHB Jason Lambert 0-0: Ball
1-0: Called Strike
1-1: Swinging Strike
1-2: Ball
2-2: Strikes out swinging
Batting: LHB Gene Cooper 0-0: Foul Ball, location: 2F
0-1: Foul Ball, location: 2F
0-2: Ball
1-2: Foul Ball, location: 2F
1-2: Ball
2-2: Ball
3-2: Strikes out swinging
Bottom of the 2nd over - 0 run(s), 2 hit(s), 0 error(s), 2 left on base; Seattle 4 - St Charles 0
TOP OF THE 3RD
Seattle Pikes batting - Pitching for St Charles Sheens : RHP Bob Moss
Batting: LHB Richard Hunter 0-0: Ball
1-0: Ball
2-0: Ball
3-0: Called Strike
3-1: Base on Balls
Batting: RHB Manuel Rico 0-0: Foul Ball, location: 2F
0-1: SINGLE (Line Drive, 8LS)
Richard Hunter to second
Batting: RHB Wallace Greene 0-0: Ball
1-0: Swinging Strike
1-1: Grounds into double play, 6-4-3 (Groundball, 56)
Richard Hunter to third
Batting: LHB Keith Tillman 0-0: Ball
1-0: Ground out 6-3 (Groundball, 6M)
Top of the 3rd over - 0 run(s), 1 hit(s), 0 error(s), 1 left on base; Seattle 4 - St Charles 0
BOTTOM OF THE 3RD
St Charles Sheens batting - Pitching for Seattle Pikes : LHP Albert Lebel
Batting: SHB Theron Harper 0-0: Called Strike
0-1: Swinging Strike
0-2: Foul Ball, location: 2F
0-2: Foul Ball, location: 2F
0-2: Ball
1-2: Ball
2-2: Ball
3-2: Ground out 4-3 (Groundball, 4)
Batting: RHB Guillermo Sánchez 0-0: Ground out 6-3 (Groundball, 6)
Batting: RHB Dan Tyler 0-0: Fly out, F9 (Line Drive, 9S)
Bottom of the 3rd over - 0 run(s), 0 hit(s), 0 error(s), 0 left on base; Seattle 4 - St Charles 0
TOP OF THE 4TH
Seattle Pikes batting - Pitching for St Charles Sheens : RHP Bob Moss
Batting: RHB Alfredo Rivera 0-0: Ground out 5-3 (Groundball, 5)
Batting: SHB António Hernández 0-0: Called Strike
0-1: TRIPLE (Line Drive, 9LS)
Batting: RHB Arnold Harmon 0-0: Foul Ball, location: 2F
0-1: Foul Ball, location: 2F
0-2: Ground out 4-3 (Groundball, 4)
António Hernández scores
Batting: LHB Jesús Núńez 0-0: Called Strike
0-1: Ground out U3 (Groundball, 3S)
Top of the 4th over - 1 run(s), 1 hit(s), 0 error(s), 0 left on base; Seattle 5 - St Charles 0
BOTTOM OF THE 4TH
St Charles Sheens batting - Pitching for Seattle Pikes : LHP Albert Lebel
Batting: RHB Júlio Figueroa 0-0: Foul Ball, location: 2F
0-1: Foul Ball, location: 2F
0-2: Fly out, F8 (Flyball, 8LD)
Batting: RHB Judson Backstrom 0-0: SINGLE (Groundball, 34D)
Batting: RHB Kel Pierce 0-0: Grounds into double play, 5-4-3 (Groundball, 56)
Bottom of the 4th over - 0 run(s), 1 hit(s), 0 error(s), 0 left on base; Seattle 5 - St Charles 0
TOP OF THE 5TH
Seattle Pikes batting - Pitching for St Charles Sheens : RHP Bob Moss
Batting: RHB António Ortega 0-0: Ball
1-0: Ball
2-0: SINGLE (Line Drive, 89S)
Batting: LHB Richard Hunter Pickoff Throw to First - Out!
0-0: Ground out U3 (Groundball, 3)
Batting: RHB Manuel Rico 0-0: Called Strike
0-1: Ball
1-1: DOUBLE (Line Drive, 7LD)
Batting: RHB Wallace Greene 0-0: Called Strike
0-1: SINGLE (Groundball, 4M)
Manuel Rico to third
Runner from 3rd tries for Home, SAFE, throw made home
Wallace Greene to second
Batting: LHB Keith Tillman 0-0: SINGLE (Groundball, 6MD)
Wallace Greene to third
Runner from 3rd tries for Home, SAFE, no throw or cutoff
Batting: RHB Alfredo Rivera 0-0: Called Strike
Keith Tillman steals 2nd base
0-1: Ball
1-1: Ground out 4-3 (Groundball, 4M)
Top of the 5th over - 2 run(s), 4 hit(s), 0 error(s), 1 left on base; Seattle 7 - St Charles 0
BOTTOM OF THE 5TH
St Charles Sheens batting - Pitching for Seattle Pikes : LHP Albert Lebel
Batting: RHB Max Rash 0-0: Ball
1-0: Ball
2-0: Foul Ball, location: 2F
2-1: Bunt missed!
2-2: Foul Ball, location: 2F
2-2: Ground out 4-3 (Groundball, 4M)
Batting: LHB Jason Lambert 0-0: Called Strike
0-1: Ball
1-1: Foul Ball, location: 2F
1-2: Ball
2-2: Fly out, F8 (Flyball, 8RS)
Batting: LHB Gene Cooper 0-0: Ball
1-0: Ground out 4-3 (Groundball, 4)
Bottom of the 5th over - 0 run(s), 0 hit(s), 0 error(s), 0 left on base; Seattle 7 - St Charles 0
TOP OF THE 6TH
Seattle Pikes batting - Pitching for St Charles Sheens : RHP Bob Moss
Batting: SHB António Hernández 0-0: Called Strike
0-1: Ball
1-1: Ball
2-1: Foul Ball, location: 2F
2-2: SINGLE (Line Drive, 78S)
Batting: RHB Arnold Harmon 0-0: Called Strike
António Hernández steals 2nd base
0-1: Called Strike
0-2: 2-RUN HOME RUN (Line Drive, 78XD), Distance : 428 ft
Pitching: RHP Gustavo Ramos
Batting: LHB Jesús Núńez 0-0: Swinging Strike
0-1: Called Strike
0-2: SINGLE (Groundball, 4MD)
Batting: RHB António Ortega 0-0: Called Strike
0-1: Ball
1-1: Called Strike
Jesús Núńez steals 2nd base
1-2: Ball
2-2: Ball
3-2: Strikes out swinging
Batting: LHB Richard Hunter 0-0: Called Strike
0-1: 2-RUN HOME RUN (Line Drive, 8RXD), Distance : 473 ft
Pitching: RHP Jeff Lynn
Batting: RHB Manuel Rico 0-0: Called Strike
0-1: SINGLE (Flyball, 78S)
Batting: RHB Wallace Greene 0-0: Ball
1-0: Foul Ball, location: 2F
1-1: Ball
2-1: 2-RUN HOME RUN (Flyball, 7LD), Distance : 350 ft
Batting: LHB Keith Tillman 0-0: Ball
1-0: Ball
2-0: Swinging Strike
2-1: Foul Ball, location: 2F
2-2: Ball
3-2: Foul Ball, location: 2F
3-2: Foul Ball, location: 2F
3-2: Base on Balls
Batting: RHB Alfredo Rivera 0-0: DOUBLE (Line Drive, 5D)
Keith Tillman to third
Runner from 3rd tries for Home, SAFE, throw made at trailing runner, OUT at third!
Batting: SHB António Hernández 0-0: Foul Ball, location: 2F
0-1: Ground out 4-3 (Groundball, 4)
Top of the 6th over - 7 run(s), 7 hit(s), 0 error(s), 0 left on base; Seattle 14 - St Charles 0
BOTTOM OF THE 6TH
St Charles Sheens batting - Pitching for Seattle Pikes : LHP Albert Lebel
Batting: SHB Theron Harper 0-0: Foul Ball, location: 2F
0-1: Swinging Strike
0-2: Strikes out looking
Batting: RHB Guillermo Sánchez 0-0: Foul Ball, location: 2F
0-1: Ball
1-1: Foul Ball, location: 2F
1-2: Strikes out swinging
Batting: RHB Dan Tyler 0-0: Called Strike
0-1: Foul Ball, location: 2F
0-2: Ball
1-2: Strikes out swinging
Bottom of the 6th over - 0 run(s), 0 hit(s), 0 error(s), 0 left on base; Seattle 14 - St Charles 0
TOP OF THE 7TH
Seattle Pikes batting - Pitching for St Charles Sheens : RHP Jeff Lynn
Pitching: RHP Álex Villegas
Batting: RHB Arnold Harmon 0-0: SINGLE (Line Drive, 4MD)
Batting: LHB Jesús Núńez 0-0: Ball
1-0: Bunted foul
1-1: Bunt missed!
1-2: Foul Ball, location: 2F
1-2: Ball
2-2: Foul Ball, location: 2F
2-2: Ball
3-2: DOUBLE (Line Drive, 9LM)
Arnold Harmon to third
Runner from 3rd tries for Home, SAFE, no throw or cutoff
Batting: RHB António Ortega 0-0: Called Strike
0-1: Swinging Strike
0-2: Ball
1-2: Ground out 5-3 (Groundball, 5)
Pitching: RHP Augusto Herrera
Batting: LHB Richard Hunter 0-0: Fly out, F7 (Flyball, 78M)
Batting: RHB Manuel Rico 0-0: Called Strike
0-1: Ball
1-1: Ball
2-1: Swinging Strike
2-2: Ground out 5-3 (Groundball, 15S)
Top of the 7th over - 1 run(s), 2 hit(s), 0 error(s), 1 left on base; Seattle 15 - St Charles 0
BOTTOM OF THE 7TH
St Charles Sheens batting - Pitching for Seattle Pikes : LHP Albert Lebel
Batting: RHB Júlio Figueroa 0-0: Ball
1-0: SINGLE (Groundball, 6MD)
Batting: RHB Judson Backstrom 0-0: Called Strike
0-1: Grounds into double play, 4-6-3 (Groundball, 4)
Batting: RHB Kel Pierce 0-0: Ball
1-0: Ball
2-0: Called Strike
2-1: Called Strike
2-2: Strikes out swinging
Bottom of the 7th over - 0 run(s), 1 hit(s), 0 error(s), 0 left on base; Seattle 15 - St Charles 0
TOP OF THE 8TH
Seattle Pikes batting - Pitching for St Charles Sheens : RHP Augusto Herrera
Batting: RHB Wallace Greene 0-0: Ball
1-0: Ball
2-0: Ball
3-0: Called Strike
3-1: Base on Balls
Batting: LHB Keith Tillman 0-0: Sac Bunt - play at first, batter OUT! 1-3
Wallace Greene to second
Batting: RHB Alfredo Rivera 0-0: Ball
1-0: Ball
2-0: Ball
3-0: Called Strike
3-1: Foul Ball, location: 2F
3-2: Fly out, F9 (Flyball, 89M)
Batting: SHB António Hernández 0-0: Called Strike
0-1: Ball
1-1: Called Strike
1-2: Strikes out swinging
Top of the 8th over - 0 run(s), 0 hit(s), 0 error(s), 1 left on base; Seattle 15 - St Charles 0
BOTTOM OF THE 8TH
St Charles Sheens batting - Pitching for Seattle Pikes : LHP Albert Lebel
Pitching: LHP Manny Sandoval
Now at 1B: Reynold Akker
Now at SS: Kazushige Aoki
Batting: RHB Max Rash 0-0: Ball
1-0: Ball
2-0: Called Strike
2-1: SOLO HOME RUN (Flyball, 7LD), Distance : 374 ft
Batting: LHB Jason Lambert 0-0: SINGLE (Groundball, 4M)
Pinch Hitting: LHB Stan Bates 0-0: Ball
1-0: Called Strike
1-1: Fly out, F8 (Flyball, 8LD)
Batting: SHB Theron Harper 0-0: Swinging Strike
0-1: Swinging Strike
0-2: Strikes out looking
Batting: RHB Guillermo Sánchez 0-0: Foul Ball, location: 2F
0-1: Ball
1-1: Ball
2-1: Foul Ball, location: 2F
2-2: Hit by Pitch
Jason Lambert to second
Batting: RHB Dan Tyler 0-0: Ball
1-0: Ball
2-0: Called Strike
2-1: Ball
3-1: Foul Ball, location: 2F
3-2: Strikes out swinging
Bottom of the 8th over - 1 run(s), 2 hit(s), 0 error(s), 2 left on base; Seattle 15 - St Charles 1
TOP OF THE 9TH
Seattle Pikes batting - Pitching for St Charles Sheens : RHP Augusto Herrera
Now at 2B: Júlio Hernández
Batting: RHB Arnold Harmon 0-0: Fly out, F8 (Flyball, 8RXD)
Pinch Hitting: LHB Sammy Marshall 0-0: Called Strike
0-1: Ground out 1-3 (Groundball, 15)
Batting: RHB António Ortega 0-0: Called Strike
0-1: Foul Ball, location: 2F
0-2: Foul Ball, location: 2F
0-2: Strikes out swinging
Top of the 9th over - 0 run(s), 0 hit(s), 0 error(s), 0 left on base; Seattle 15 - St Charles 1
BOTTOM OF THE 9TH
St Charles Sheens batting - Pitching for Seattle Pikes : LHP Manny Sandoval
Now at 3B: Don Soper
Now in CF: Randy Sheppard
Pinch Hitting: LHB Juan Jose Rojas 0-0: Called Strike
0-1: Called Strike
0-2: Ball
1-2: Foul Ball, location: 2F
1-2: Ground out U3 (Groundball, 3S)
Batting: RHB Judson Backstrom 0-0: Called Strike
0-1: Ground out 6-3 (Groundball, 6)
Batting: RHB Kel Pierce 0-0: Fly out, F8 (Flyball, 8LD)
Bottom of the 9th over - 0 run(s), 0 hit(s), 0 error(s), 0 left on base; Seattle 15 - St Charles 1
Monday, December 5th, 2016 - OOTP Baseball 17.12 Build 75